 Dungeon Crawl Stone Soup version 0.22-a0-284-g99d1f74 (webtiles) character file.

19 4thArraOfDagon the Slasher (level 2, 7/22 HPs)
             Began as a Formicid Warper on Mar 21, 2018.
             Quit the game on level 13 of the Dungeon.
             The game lasted 00:02:03 (641 turns).

4thArraOfDagon the Slasher (Formicid Warper)         Turns: 641, Time: 00:02:04

Health: 7/22       AC:  3    Str: 15    XL:     2   Next: 95%
Magic:  5/5        EV: 11    Int: 12    God:
Gold:   39         SH:  3    Dex: 10    Spells: 5/5 levels left

rFire    . . .     SeeInvis +   a - +0 falchion
rCold    . . .     Gourm    .   c - +0 buckler
rNeg     . . .     Faith    .   b - +0 leather armour
rPois    .         Spirit   .   (helmet unavailable)
rElec    .         Reflect  .   (no cloak)
rCorr    +         Harm     .   (no gloves)
MR       .....                  (no boots)
Stlth    +.........             (no amulet)
HPRegen  0.07/turn              i - ring of resist corrosion
MPRegen  0.09/turn              (no ring)

@: starving
A: permanent stasis, dig shafts and tunnels, four strong arms, antennae 3
a: Dig, Shaft Self


You were on level 13 of the Dungeon.
You were starving.

You visited 1 branch of the dungeon, and saw 9 of its levels.

You collected 39 gold pieces.

Inventory:

Hand Weapons
 a - a +0 falchion (weapon)
Missiles
 e - 5 tomahawks of dispersal (quivered)
Armour
 b - a +0 leather armour (worn)
 c - a +0 buckler (worn)
Jewellery
 i - a ring of resist corrosion (left hand)
Scrolls
 d - a scroll of blinking
 g - 2 scrolls of magic mapping {unknown}
 h - 2 scrolls of identify {unknown}
Comestibles
 f - a ration


   Skills:
 - Level 2.1 Fighting
 * Level 2.9 Long Blades
 - Level 1.0 Throwing
 - Level 1.1 Armour
 - Level 1.7 Dodging
 + Level 1.2 Shields
 - Level 2.1 Spellcasting
   Level 2.6 Translocations


You had 5 spell levels left.
You didn't know any spells.

Dungeon Overview and Level Annotations

Branches:
Dungeon (12/15)
 Temple: D:4-7         Lair: D:8-11         Orc: D:9-12

Altars:

Annotations:
D:2 Terence


Innate Abilities, Weirdness & Mutations

You cannot be hasted, slowed, berserked, paralysed or teleported.
You can dig through walls and to a lower floor.
Your four strong arms can wield two-handed weapons with a shield.
You have a pair of large antennae on your head. (SInv)


Message History

There is a stone staircase leading down here.
Unknown command.
Unknown command.
The hungry ghost barely misses you.
Are you sure you want to shaft yourself?
You are starving!
The shadow slips into darkness.
The shadow flickers and vanishes for a moment.
You begin to dig a shaft.
You continue digging a shaft.
The hungry ghost hits you.
You feel somewhat more hungry. A shaft appears beneath you!
You fall through a shaft for 2 floors!
The shaft crumbles and collapses.
A sky beast, a kobold demonologist and a centaur come into view.
The centaur shouts!
The kobold demonologist shouts!
Found 20 bolts and a short sword.
Found a stone staircase leading up.
Unknown command.
You're too hungry.
There are monsters nearby!
Are you sure you want to abandon this character and quit the game? (Confirm with "yes".)

...............
...............
...............
...............
..........Y....
...............
<..............
.....)(@..K....
..............#
...........#.#.
..........#..
........c## ..#
.......... .#
.......... .
...........


You could see a kobold demonologist, a sky beast and a centaur.

Vanquished Creatures
  A bat (D:1)
  2 giant cockroaches (D:1)
  5 goblins (D:1)
  4 jackals (D:1)
  A frilled lizard (D:1)
  3 rats (D:1)
16 creatures vanquished.

Notes
Turn   | Place    | Note
-------+----------+-------------------------------------------
     0 | D:1      | 4thArraOfDagon the Formicid Warper began the quest for the Orb.
     0 | D:1      | Reached XP level 1. HP: 16/16 MP: 3/3
    36 | D:2      | Noticed Terence
   342 | D:1      | Reached XP level 2. HP: 22/22 MP: 5/5
   403 | D:1      | Reached skill level 1 in Shields
   577 | D:2      | You fall through a shaft!
   610 | D:3      | You fall through a shaft!
   610 | D:4      | Noticed an ogre
   618 | D:4      | You fall through a shaft for 3 floors!
   621 | D:7      | You fall through a shaft for 2 floors!
   621 | D:9      | Noticed a centaur
   621 | D:9      | Noticed a centaur
   624 | D:9      | You fall through a shaft for 3 floors!
   624 | D:12     | Noticed a hungry ghost
   624 | D:12     | Noticed an ogre
   632 | D:11     | Noticed a shadow
   640 | D:11     | You fall through a shaft for 2 floors!
   640 | D:13     | Noticed a sky beast
   640 | D:13     | Noticed a centaur
   640 | D:13     | Noticed a kobold demonologist
   641 | D:13     | Quit the game

Vault maps used:
D:1:      minmay_arrival_stair_chambers
D:2:      kennysheep_okawaru_gauntlet, first_ration, uniq_terence,
          uniq_crazy_yiuf_cottage, uniq_jessica
D:3:      lemuel_crystal_altar, grunt_temple_overflow_open, uniq_robin
D:4:      vehumet_altar_wand_db
D:7:      zin_statuary, overflow_temple_1_default, temple_hall,
          nicolae_qazlal_eye_of_the_storm, uniq_joseph, uniq_pikel
D:9:      minmay_the_grid_3x2, special_room
D:11:     lair_entry_dummy, lab_entry_generic, basic_altar
D:12:     zombieorc1_lemuel, grunt_ogre_cave, uniq_snorg, uniq_psyche
D:13:     david_vaults_5

Skill      XL: |  1  2 |
---------------+-------+-----
Shields        | 1 |  1.2
Fighting       | |  2.1
Long Blades    | |  2.9
Throwing       | |  1.0
Armour         | |  1.1
Dodging        | |  1.7
Spellcasting   | |  2.1
Translocations | |  2.6

Action                   || total
-------------------------++-------
Melee: Falchion          ||    66
 Abil: Dig               ||     3
       Shaft Self        ||     6
Armor: Leather armour    ||    23
Dodge: Dodged            ||    45
Block: Buckler           ||    13
       Rpst.: Falchion   ||    13

Table legend:
 A = Spawn XP
 B = Non-spawn XP
 C = Spawn XP percentage of total XP
 D = Spawn monster count
 E = Non-spawn monster count
 F = Spawn count percentage of total count
 G = Total turns spent on level
                    A         B        C        D         E        F      G
               +---------+---------+-------+---------+---------+-------+---------
         Total |       0 |      28 |   0.0 |       0 |      16 |   0.0 |   641
               +---------+---------+-------+---------+---------+-------+---------
           D:1 |       0 |      28 |   0.0 |       0 |      16 |   0.0 |   490
               +---------+---------+-------+---------+---------+-------+---------
